Map: Terraform LE (Void)

Players

Nerchio - Winner!

  • Race: Zerg Zerg
  • League: Diamond

EnDerr

  • Race: Zerg Zerg
  • League: Master

Event: ASL Season 5 Prime League LOTV Beta

VOD

Have the link to the VOD?

Description

Time

  • Played on: Sept. 9, 2015, 10:04 p.m.
  • Length: 7:36

All games in this series

Show
View Real Time Build Order
Export as new Build Order

Nerchio Zerg - Winner!

Build Orders: Hatch First 

Get SALT Encoding   

  12  0:01  Drone  
  13  0:13  Overlord  
  13  0:17  Drone  
  14  0:31  Drone x2  
  16  0:35  Drone  
  17  0:53  Hatchery  
  17  0:55  Drone  
  17  0:59  Extractor  
  17  1:01  Drone  
  17  1:16  Spawning Pool  
  17  1:17  Drone  
  17  1:21  Drone  
  18  1:29  Drone  
  19  1:39  Overlord  
  19  1:51  Drone  
  20  2:02  Queen  
  20  2:03  Metabolic Boost, Zergling x2  
  20  2:07  Queen  
  25  2:11  Drone  
  25  2:14  Drone  
  27  2:17  Drone  
  28  2:23  Drone  
  28  2:28  Drone  
  30  2:35  Drone  
  31  2:37  Drone  
  31  2:42  Queen  
  34  2:45  Overlord  
  34  2:52  Roach Warren  
  33  3:03  Overlord  
  33  3:07  Zergling x6  
  33  3:10  Zergling x8  
  40  3:14  Overlord  
  40  3:24  Drone x4  
  44  3:29  Drone  
  44  3:30  Evolution Chamber  
  44  3:37  Drone  
  44  3:48  Roach  
  44  3:49  Roach x4  
  44  3:53  Drone x2  
  55  4:01  Drone x2  
  54  4:02  Zerg Missile Weapons Level 1  
  54  4:04  Drone  
  54  4:11  Drone  
  54  4:13  Drone  
  55  4:22  Drone x3, Extractor  
  55  4:23  Drone  
  58  4:29  Hatchery, Lair  
  57  4:32  Drone, Extractor  
  57  4:36  Drone x2  
  59  4:39  Overlord  
  59  4:42  Overlord  
  59  5:00  Drone x7  
  65  5:09  Overlord  
  65  5:19  Roach x5  
  75  5:21  Overlord  
  75  5:26  Glial Reconstitution  
  75  5:29  Roach x3  
  75  5:33  Overlord  
  81  5:37  Overlord  
  81  5:43  Roach x2  
  81  5:48  Roach x2  
  81  5:49  Overlord  
  89  5:53  Roach x4  
  97  5:58  Roach  
  97  6:01  Roach  
  97  6:03  Roach  
  103  6:07  Overlord  
  103  6:15  Roach x3  
  109  6:19  Roach  
  109  6:21  Roach  
  109  6:23  Overlord  
  109  6:25  Overlord x2  
  113  6:27  Roach x2  
  113  6:30  Roach  
  119  6:35  Overlord x2  
  119  6:40  Overlord  
  119  6:43  Roach  
  119  6:44  Roach x3  
  119  6:45  Roach  
  129  6:48  Roach  
  131  6:57  Roach x2  
  131  6:58  Roach  
  125  7:02  Roach  
  125  7:05  Roach  
  125  7:07  Roach  
  123  7:10  Roach  
  123  7:11  Zergling x16  
Show
View Real Time Build Order
Export as new Build Order

EnDerr Zerg 

Build Orders: Hatch First 

Get SALT Encoding   

  12  0:01  Drone  
  13  0:11  Drone  
  14  0:18  Overlord  
  14  0:31  Drone x2, Extractor x2  
  16  0:39  Drone  
  17  0:55  Hatchery  
  16  0:58  Drone  
  17  1:13  Spawning Pool  
  17  1:14  Drone  
  17  1:17  Drone  
  18  1:19  Drone  
  19  1:27  Extractor  
  19  1:30  Drone  
  19  1:40  Overlord  
  19  1:49  Drone  
  20  1:59  Queen  
  20  2:00  Zergling x2  
  23  2:04  Roach Warren  
  23  2:07  Queen  
  24  2:08  Drone  
  24  2:12  Drone  
  26  2:18  Drone  
  26  2:22  Drone  
  28  2:30  Drone  
  28  2:32  Drone  
  28  2:35  Queen  
  32  2:42  Drone  
  33  2:47  Overlord  
  33  2:57  Drone x2  
  34  3:02  Drone  
  34  3:04  Evolution Chamber  
  34  3:06  Drone x2  
  34  3:07  Drone x2  
  38  3:22  Extractor  
  38  3:23  Roach x3  
  38  3:26  Overlord  
  38  3:27  Overlord  
  43  3:35  Spine Crawler  
  42  3:45  Drone x4  
  42  3:47  Drone  
  45  3:49  Drone x2  
  45  3:53  Drone x2  
  45  3:55  Drone  
  49  3:56  Drone  
  49  3:58  Drone  
  49  4:07  Zerg Missile Weapons Level 1  
  49  4:11  Drone x2  
  49  4:15  Drone x3  
  53  4:21  Roach x3  
  59  4:27  Overlord x2  
  59  4:30  Extractor  
  58  4:34  Ravager x2  
  58  4:36  Overlord  
  60  5:03  Overlord x2  
  60  5:04  Overlord  
  60  5:12  Hatchery, Ravager  
  60  5:13  Ravager  
  61  5:14  Lair  
  61  5:16  Drone x2  
  61  5:17  Drone x2  
  61  5:18  Drone x3, Extractor  
  61  5:19  Drone x2  
  69  5:26  Overlord  
  69  5:38  Roach  
  69  5:39  Roach x4  
  79  5:44  Roach  
  79  5:47  Overlord  
  85  5:50  Roach x3  
  87  5:58  Overlord  
  87  6:01  Roach  
  89  6:08  Evolution Chamber  
  88  6:14  Drone  
  88  6:16  Glial Reconstitution  
  88  6:17  Overseer  
  89  6:20  Drone x2  
  89  6:21  Drone x2  
  89  6:22  Roach x2  
  89  6:23  Roach  
  101  6:25  Roach  
  101  6:39  Roach x3  
  107  6:44  Roach x2  
  107  6:45  Roach  
  113  6:53  Roach  
  112  6:58  Roach x2  
  112  6:59  Roach x2  
  112  7:00  Roach  
  106  7:03  Roach  
  106  7:06  Roach x2  
  99  7:09  Roach  
  99  7:11  Roach  
  99  7:12  Roach  
  97  7:16  Roach x2  
Tags
 
Add a new tag
Caveats
  • Supply blocks, unpowered buildings, or Contaminate may cause inaccurate times.
  • Supply counts are checked every 10 seconds.